 Dungeon Crawl Stone Soup version 0.29-a0-732-g3d7fbe0af2 (webtiles) character file.

Game seed: 14601185918250164455

100 HoaS the Shooter (level 4, -2/26 HPs)
             Began as a Gargoyle Hunter on June 29, 2022.
             Slain by a gnoll
             ... wielding a +0 flail
              (11 damage)
             ... on level 1 of the Dungeon.
             The game lasted 00:02:33 (1305 turns).

HoaS the Shooter (Gargoyle Hunter)                  Turns: 1305, Time: 00:02:34

Health: -2/26      AC: 11    Str: 21    XL:     4   Next: 73%
Magic:  0/4        EV: 10    Int:  9    God:
Gold:   103        SH:  0    Dex: 15    Spells: 3/3 levels left

rFire   . . .      SeeInvis +   a - +0 shortbow
rCold   . . .      Faith    .   (shield currently unavailable)
rNeg    + . .      Spirit   +   k - +0 scale mail
rPois   ∞          Reflect  .   o - +0 helmet
rElec   +          Harm     .   (no cloak)
rCorr   .          Rampage  .   (no gloves)
Will    .....                   e - +0 pair of boots
Stlth   ..........              h - amulet of guardian spirit
HPRegen 0.08/turn               g - ring of see invisible
MPRegen 0.09/turn               n - +6 ring of strength

@: no status effects
A: sickness immunity, AC +3, negative energy resistance 1, electricity
resistance, torment resistance 1, petrification resistance
a: no special abilities


You were on level 1 of the Dungeon.
You visited 1 branch of the dungeon, and saw 2 of its levels.

You collected 103 gold pieces.

Inventory:

Hand Weapons
 a - a +0 shortbow (weapon)
Armour
 e - a +0 pair of boots (worn)
 k - a +0 scale mail (worn)
 o - a +0 helmet (worn)
Jewellery
 g - a ring of see invisible (left hand)
 h - an amulet of guardian spirit (around neck)
 i - a ring of fire
 n - a +6 ring of strength (right hand)
Scrolls
 b - a scroll of immolation
 c - a scroll of magic mapping {unknown}
 f - a scroll of noise
Potions
 d - a potion of curing {unknown}
 l - a potion of haste {unknown}


   Skills:
 - Level 2.1 Fighting
 + Level 6.0 Ranged Weapons
 - Level 1.5 Dodging
 - Level 1.1 Stealth


You had 3 spell levels left.
You didn't know any spells.
Your spell library contained the following spells:

 Spells                   Type           Power      Damage    Failure   Level
 Sandblast                Erth           0%         2d4       75%         1
 Passwall                 Tmut/Erth      0%         N/A       87%         2
 Static Discharge         Conj/Air       0%         N/A       87%         2
 Stone Arrow              Conj/Erth      0%         3d7       98%         3
 Lightning Bolt           Conj/Air       0%         1d11      100%        5
 Maxwell's Capacitive Co  Air            0%         ∞         100%        8


Dungeon Overview and Level Annotations

Branches:
Dungeon (2/15)

Altars:


Innate Abilities, Weirdness & Mutations

You are immune to sickness and miasma.
Your stone body is resilient. (AC +3)
You are immune to poison.
You resist negative energy. (rN+)
You are resistant to electric shocks. (rElec)
You are resistant to unholy torment.
You are immune to petrification.


Message History

The gnoll is moderately wounded.
The gnoll closely misses you.
You shoot an arrow. The arrow hits the gnoll!
You kill the gnoll!
You shoot an arrow. The arrow hits the gnoll!
The gnoll is severely wounded.
The gnoll hits you but does no damage. The gnoll misses you.
You shoot an arrow. The arrow hits the gnoll!
You kill the gnoll!
The gnoll hits you with a +0 flail!
Your Ranged Weapons skill increases to level 6!
You shoot an arrow. The arrow barely misses the gnoll.
The gnoll barely misses you. The gnoll misses you.
The gnoll hits you from afar with a +0 spear.
The gnoll barely misses you.
You shoot an arrow. The arrow hits the gnoll!
The gnoll is severely wounded.
The gnoll hits you from afar with a +0 spear.
The gnoll misses you.
The gnoll hits you from afar with a +0 spear.
The gnoll hits you but does no damage.
You climb upwards.
There is a stone staircase leading down here.
You are too injured to fight recklessly!
You are too injured to fight recklessly!
You are too injured to fight recklessly!
You are too injured to fight recklessly!
Fire: a) +0 shortbow
Press: ? - help, Q - select action Shift-Dir - straight line, f - gnoll
Aim: a gnoll, wielding a +0 flail (severely wounded)
You shoot an arrow. The arrow barely misses the gnoll.
The gnoll completely misses you.
Fire: a) +0 shortbow
Press: ? - help, Q - select action Shift-Dir - straight line, f/p - gnoll
Aim: a gnoll, wielding a +0 flail (severely wounded)
You shoot an arrow.
The arrow hits the gnoll but does no damage.
The gnoll is severely wounded.
The gnoll hits you with a +0 flail. The gnoll hits you with a +0 flail!
You die...

### ### ### #.###
#.#####.# #...#
#.......# #.#.#
#.#####.# #.#.#
#.#####.# #.#.#
#.#.....#
#.#.#####.#.#######
######.#........g......#
................@....#.#
######.#.........###.#.#
#.#.######..# #.#.#
#.#.#.......###'#.###
#.#.#.####..........#
#.#.#...............#
#.#.#####...........#
#.#.....#...........#
#.#####.#...........#


You could see a gnoll.

Vanquished Creatures
  2 gnolls (D:2)
  4 adders (D:2)
  2 dart slugs (D:1)
  4 bats
  2 endoplasms
  A giant cockroach (D:1)
  2 goblins (D:2)
  2 hobgoblins (D:2)
  2 jackals (D:2)
  5 kobolds
  3 quokkas (D:1)
  4 ball pythons (D:2)
  4 frilled lizards
  3 rats
40 creatures vanquished.

Notes
Turn   | Place    | Note
-------+----------+-------------------------------------------
     0 | D:1      | HoaS the Gargoyle Hunter began the quest for the Orb.
     0 | D:1      | Reached XP level 1. HP: 12/12 MP: 1/1
    41 | D:1      | Reached XP level 2. HP: 17/17 MP: 2/2
  1023 | D:2      | Reached XP level 3. HP: 21/21 MP: 3/3
  1053 | D:2      | Reached skill level 5 in Ranged Weapons
  1123 | D:2      | Reached XP level 4. HP: 22/26 MP: 2/4
  1244 | D:2      | Found a faded altar of an unknown god.
  1300 | D:2      | Reached skill level 6 in Ranged Weapons
  1305 | D:1      | Slain by a gnoll

Illustrated notes

Levels and vault maps discovered:
D:1:      tarquinn_simple_flora_water_d, layout_basic, grunt_decor_fettered
D:2:      layout_basic, shapermc_ecumenical_altar_venn, uniq_crazy_yiuf_cottage

Skill      XL: |  1  2  3  4 |
---------------+-------------+-----
Ranged Weapons | 5 6 |  6.0
Fighting       | |  2.1
Dodging        | |  1.5
Stealth        | |  1.1

Action                   |  1- 3 |  4- 6 || total
-------------------------+-------+-------++-------
 Fire: Shortbow          |   113 |    27 ||   140
  Use: Scroll            |     4 |       ||     4
Armor: Leather armour    |    38 |     8 ||    46
       Scale mail        |       |     8 ||     8
Dodge: Dodged            |    41 |    19 ||    60

Table legend: (Time is in decaauts)
 A = Elapsed time spent in this place.
 B = Non-inter-level travel time spent in this place.
 C = Inter-level travel time spent in this place.
 D = Time resting spent in this place.
 E = Time spent auto-exploring this place.
 F = Levels seen in this place.
 G = Mean time per level.
                   A        B        C        D        E       F      G
               +--------+--------+--------+--------+--------+-----+--------+
         Total |   1345 |   1290 |     55 |    296 |    699 |   2 |  672.5 |
       Dungeon |   1345 |   1290 |     55 |    296 |    699 |   2 |  672.5 |
               +--------+--------+--------+--------+--------+-----+--------+

Top non-repeatable levels by time:
     D:1: 1031 daAuts
     D:2: 314 daAuts
